 Dungeon Crawl Stone Soup version 0.22-a0-395-gfed312b (webtiles) character file.

33 ololoev the Magician (level 3, 21/21 HPs)
             Began as a Halfling Wizard on May 3, 2018.
             Was a Follower of Trog.
             Quit the game on level 2 of the Dungeon.
             The game lasted 00:03:22 (1308 turns).

ololoev the Magician (Halfling Wizard)              Turns: 1308, Time: 00:03:23

Health: 21/21      AC:  3    Str:  8    XL:     3   Next: 47%
Magic:  7/7        EV: 14    Int: 17    God:    Trog [*.....]
Gold:   57         SH:  0    Dex: 12    Spells: 2/7 levels left

rFire    . . .     SeeInvis .   i - +0 dagger (vamp)
rCold    . . .     Gourm    .   (shield restricted)
rNeg     . . .     Faith    .   a - +0 robe
rPois    .         Spirit   .   b - +0 hat
rElec    .         Reflect  .   f - +0 cloak
rCorr    .         Harm     .   (no gloves)
MR       .....                  (no boots)
Stlth    ++........             (no amulet)
HPRegen  0.07/turn              (no ring)
MPRegen  0.10/turn              (no ring)

@: no status effects
A: small, mutation resistance 1
a: Berserk, Renounce Religion


Innate Abilities, Weirdness & Mutations

You are small and have problems with some larger weapons.
You are somewhat resistant to further mutation.

Inventory:

Hand Weapons
 i - a +0 vampiric dagger (weapon)
Armour
 a - a +0 robe (worn)
 b - a +0 hat (worn)
 f - a +0 cloak (worn)
Scrolls
 h - 2 scrolls of enchant armour
 j - a scroll of remove curse
Potions
 c - a potion of flight {unknown}
 e - 2 potions of heal wounds {unknown}
 g - a potion of curing {unknown}
Comestibles
 d - 2 rations
 k - 4 chunks of flesh


   Skills:
 - Level 2.1 Dodging
 - Level 2.1 Stealth
 - Level 2.9 Spellcasting
 - Level 1.8 Conjurations
 - Level 0.7 Summonings
 - Level 1.1 Translocations


You had 2 spell levels left.
You knew the following spells:

 Your Spells              Type           Power        Failure   Level  Hunger
a - Magic Dart            Conj           #...         9%          1    None
b - Call Imp              Summ           #.......     21%         2    ##.....
k - Blink                 Tloc           N/A          17%         2    ##.....


You were on level 2 of the Dungeon.
You worshipped Trog.
Trog was aware of your devotion.
You were not hungry.

You visited 1 branch of the dungeon, and saw 2 of its levels.

You collected 57 gold pieces.

#...#######
#####
###...........##
#).≈.≈..≈.≈....
#≈.≈≈≈..≈...≈.#
#.≈≈≈≈≈≈≈≈≈≈.≈#
#≈.≈≈≈≈≈≈≈≈≈.≈#
#.≈≈≈≈≈≈≈S≈≈..#
#..≈≈≈≈≈≈≈≈≈..#
#≈.≈≈≈♣@.≈≈≈≈≈.
#..≈≈≈≈..≈≈≈≈..
#≈≈≈≈≈≈≈≈≈≈≈≈≈.
#..≈≈≈≈≈≈≈≈≈...
#≈.≈≈≈≈≈≈≈≈≈≈..
#....≈≈≈..≈.≈≈.
#.≈≈.≈≈≈.......
#########......
######

Notes
Turn   | Place    | Note
-------+----------+-------------------------------------------
     0 | D:1      | ololoev the Halfling Wizard began the quest for the Orb.
     0 | D:1      | Reached XP level 1. HP: 11/11 MP: 3/3
    11 | D:1      | You fall through a shaft!
    40 | D:1      | Reached skill level 1 in Conjurations
   257 | D:1      | Reached XP level 2. HP: 13/17 MP: 1/5
   450 | D:1      | Learned a level 2 spell: Blink
   453 | D:1      | Learned a level 2 spell: Call Imp
   647 | D:1      | Reached XP level 3. HP: 1/21 MP: 2/7
  1285 | D:2      | Found a faded altar of an unknown god.
  1307 | D:2      | Became a worshipper of Trog the Wrathful
  1307 | D:2      | Reached * piety under Trog
  1308 | D:2      | Quit the game

Dungeon Overview and Level Annotations

Branches:
Dungeon (2/15)

Altars:
Trog


Message History

Casting: Call Imp (safe; 21% risk of failure)
Confirm with . or Enter, or press ? or * to list all spells.
A beastly little devil appears in a puff of flame.
Casting: Call Imp (safe; 21% risk of failure)
Confirm with . or Enter, or press ? or * to list all spells.
A beastly little devil appears in a puff of frigid air.
A goblin comes into view. It is wielding a dagger.
What are your orders? t - Shout!
Orders for allies: a - Attack new target. r - Retreat! s - Stop attacking. g - Guard the area. f - Follow me.
Anything else - Cancel.
Gang up on whom?
Press: ? - help, Dir - move target cursor, f - dart slug
Aim: a dart slug (clinging) Attack!
The dart slug launches a dart at you. The slug dart hits you!
Your crimson imp hits the dart slug.
Your white imp hits the dart slug.
Your white imp freezes the dart slug.
The goblin closely misses you.
Your crimson imp blinks!
The dart slug barely misses your white imp.
Your white imp gestures at the dart slug.
The puff of frost hits the dart slug.
The dart slug dies!
You closely miss the goblin. The goblin hits you with a dagger.
You are too injured to fight recklessly!
You are too injured to fight recklessly!
You are too injured to fight recklessly!
You completely miss the goblin. The goblin hits you but does no damage.
You hit the goblin.
You feel better.
You kill the goblin!
Your crimson imp blinks!
g - a glowing ruby potion;
j - a scroll of remove curse You see here a dagger.
There isn't anything to butcher here.
You see here a goblin corpse.
You butcher the goblin corpse.
k - 2 chunks of flesh You start resting.
Your crimson imp blinks!
Your crimson imp disappears in a puff of smoke!
Your white imp disappears in a puff of smoke!
Magic restored.
A goblin comes into view. It is wielding a dagger.
The goblin shouts!
The goblin closely misses you.
Found a faded altar of an unknown god.
You hit the goblin.
You feel better.
The goblin is heavily wounded.
The goblin hits you with a dagger.
You hit the goblin.
You kill the goblin!
No target in view!
Things that are here:
a dagger; a goblin corpse You butcher the goblin corpse.
k - 4 chunks of flesh (gained 2)
Things that are here:
a dagger; a goblin skeleton You enter the shallow water.
Moving in this stuff is going to be slow.
You enter the shallow water.
Moving in this stuff is going to be slow.
You enter the shallow water.
Moving in this stuff is going to be slow.
You enter the shallow water.
Moving in this stuff is going to be slow.
An adder comes into view.
The adder hisses angrily.
There is a faded altar of an unknown god here.
You cannot tell which god this altar belongs to.
Convert to them anyway?
Trog accepts your prayer! Trog welcomes you!
You can now go berserk at will.
Unknown command.
Press < or > to pray at altars.
Are you sure you want to abandon this character and quit the game? (Confirm with "yes".)

You could see an adder.

Vanquished Creatures
  A worm (D:2)
  2 dart slugs
  A leopard gecko (D:1)
  4 bats (D:1)
  5 goblins
  A hobgoblin (D:1)
  A ball python (D:1)
  4 kobolds (D:1)
19 creatures vanquished.

Vanquished Creatures (collateral kills)
  A dart slug (D:2)
  A leopard gecko (D:1)
  A giant cockroach (D:1)
  A hobgoblin (D:2)
  A bat (D:2)
  A frilled lizard (D:1)
6 creatures vanquished.

Grand Total: 25 creatures vanquished

Action                   || total
-------------------------++-------
Melee: Unarmed           ||    12
       Short sword       ||    37
       Dagger            ||    22
 Cast: Magic Dart        ||    17
       Call Imp          ||     8
  Use: Scroll            ||     3
 Stab: Distracted        ||     1
  Eat: Ration            ||     2
Armor: Robe              ||    30
Dodge: Dodged            ||    73

Vault maps used:
D:1:      lemuel_arrival_hallway, minmay_tree_intersection
D:2:      marbit_many_paths, serial_forest, infiniplex_forest_straight_5,
          infiniplex_forest_lined_room_3, infiniplex_forest_lined_3,
          infiniplex_forest_clump_small, infiniplex_forest_straight_2,
          infiniplex_forest_straight_2, infiniplex_forest_clump_small,
          infiniplex_forest_lined_corner, infiniplex_forest_clump_C,
          chequers_ecumenical_altar_island, uniq_crazy_yiuf_cottage
